 Dungeon Crawl Stone Soup version 0.28.0-45-g0d030f2227 (webtiles) character file.

Game seed: 15836025777294070264

460 MisterFreud the Conjurer (level 7, -5/41 HPs)
             Began as an Octopode Conjurer on May 23, 2022.
             Slain by a centaur (6 damage)
             ... on level 4 of the Dungeon.
             The game lasted 00:07:31 (4586 turns).

MisterFreud the Conjurer (Octopode Conjurer)        Turns: 4586, Time: 00:07:32

Health: -5/41      AC:  1    Str:  6    XL:     7   Next: 7%
Magic:  9/13       EV: 13    Int: 23    God:
Gold:   88         SH:  5    Dex: 16    Spells: 11/14 levels left

rFire   . . .      SeeInvis .   f - +4 short sword (elec)
rCold   . . .      Faith    .   (no shield)
rNeg    + . .      Spirit   .   (helmet restricted)
rPois   .          Reflect  +   c - amulet of reflection
rElec   .          Harm     .   g - ring of positive energy
rCorr   .          Rampage  .   m - +6 ring of dexterity
Will    .....                   (no ring)
Stlth   +++.......              (no ring)
HPRegen 0.13/turn               (no ring)
MPRegen 0.13/turn               (no ring)
                                (no ring)
                                (no ring)

@: attractive, flying
A: almost no armour, amphibious, 8 rings, camouflage 1, gelatinous body 1,
(nimble swimmer 1), tentacles
a: no special abilities


You were on level 4 of the Dungeon.
You visited 1 branch of the dungeon, and saw 4 of its levels.

You collected 88 gold pieces.

Inventory:

Hand Weapons
 a - a +0 dagger
 f - a +4 short sword of electrocution (weapon)
Missiles
 j - 10 boomerangs
 n - 7 poisoned darts
Jewellery
 c - an amulet of reflection (around mantle)
 g - a ring of positive energy (left tentacle)
 m - a +6 ring of dexterity (right tentacle)
Wands
 k - a wand of acid (9)
Scrolls
 b - a scroll of vulnerability {unknown}
 e - a scroll of magic mapping {unknown}
 h - a scroll of blinking {unknown}
Potions
 d - a potion of attraction
 i - a potion of flight
 l - a potion of curing {unknown}


   Skills:
 + Level 3.8 Short Blades
 - Level 2.0 Dodging
 - Level 2.6 Stealth
 - Level 4.0 Spellcasting
 - Level 6.0 Conjurations


You had 11 spell levels left.
You knew the following spells:

 Your Spells              Type           Power      Damage    Failure   Level
a - Magic Dart            Conj           100%       1d8       1%          1
b - Searing Ray           Conj           64%        2d6       1%          2

Your spell library contained the following spells:

 Spells                   Type           Power      Damage    Failure   Level
 Dazzling Flash           Conj/Hex       36%        N/A       9%          3
 Fulminant Prism          Conj/Hex       9%         3d7       30%         4
 Iskenderun's Mystic Bla  Conj/Tloc      18%        2d6       30%         4


Dungeon Overview and Level Annotations

Branches:
Dungeon (4/15)
 Temple: D:4-7

Altars:
Gozag
Okawaru

Annotations:
D:4 Discosetron's ghost, amateur DjAE


Innate Abilities, Weirdness & Mutations

You cannot wear most types of armour.
You are amphibious.
You can wear up to eight rings at the same time.
Your skin changes colour to match your surroundings (Stealth+).
Your rubbery body absorbs attacks. (AC +1, EV +1)
((You are camouflaged when in or above water. (Stealth+)))
You have tentacles for arms and can constrict up to eight enemies at once.


Message History

You hit the centaur.
The centaur is moderately wounded.
The centaur barely misses you. The centaur kicks you.
The centaur hits you but does no damage.
The centaur kicks you.
You barely miss the centaur.
The centaur is moderately wounded.
The centaur hits you. The centaur misses you.
Casting: Magic Dart (safe; 1% risk of failure)
Confirm with . or Enter, or press ? or * to list all spells.
Aiming: Searing Ray (safe; 1% risk of failure)
Press: ? - help, Shift-Dir - straight line, f - Discosetron's ghost
Aim: Discosetron's ghost (covering ground quickly, 76% to hit)
The searing ray hits the centaur.
The centaur is heavily wounded.
The searing ray hits Discosetron's ghost!
Discosetron's ghost is moderately damaged. (Press . to maintain the ray.)
The centaur hits you.
The centaur kicks you but does no damage.
The centaur closely misses you. x2
The searing ray misses the centaur.
The searing ray hits Discosetron's ghost!
Discosetron's ghost is severely damaged.
The centaur barely misses you. The centaur closely misses you.
The searing ray misses the centaur.
The searing ray hits Discosetron's ghost!
Discosetron's ghost is almost destroyed.
The centaur hits you. The centaur kicks you. The centaur hits you.
The centaur barely misses you.
Discosetron's ghost waves its arms in wide circles.
The air twists around and strikes you!
* * * LOW HITPOINT WARNING * * *
It was a potion of attraction.
You feel attractive to monsters. The centaur barely misses you. x2
It was a potion of flight.
You feel very buoyant.
You fly up into the air.
The centaur hits you.
You die...

.. ###. #######... #........#
#........# ######.....>..#
#..@cW........#
#......##...####...!.<..# #
#.......$.# #..........##..
#.......# ####.#W.....[....
#.......###.............######
#.............w..............#
####.......#####'''##.......)....
..........#####...$.#####.......#
#...<)....#.$$_$$.#..........#


You could see a centaur and Discosetron's ghost (swift).

Vanquished Creatures
  Sigmund (D:3)
  A gnoll shaman (D:2)
  An orc priest (D:4)
  Ijyb (D:3)
  An orc wizard (D:4)
  4 adders
  4 gnolls (D:2)
  A white imp (D:4)
  A worm (D:2)
  4 dart slugs
  11 orcs
  7 endoplasms
  2 giant cockroaches (D:3)
  7 goblins
  4 hobgoblins
  11 jackals
  3 quokkas (D:3)
  4 ball pythons
  8 bats
  6 frilled lizards
  8 kobolds
  7 rats
97 creatures vanquished.

Notes
Turn   | Place    | Note
-------+----------+-------------------------------------------
     0 | D:1      | MisterFreud the Octopode Conjurer began the quest for the
                  | Orb.
     0 | D:1      | Reached XP level 1. HP: 11/11 MP: 3/3
   200 | D:1      | Reached XP level 2. HP: 16/17 MP: 0/5
   281 | D:1      | Learned a level 2 spell: Searing Ray
   703 | D:1      | Reached XP level 3. HP: 21/21 MP: 4/6
  1515 | D:2      | Reached skill level 5 in Conjurations
  1515 | D:2      | Reached XP level 4. HP: 27/27 MP: 3/8
  1808 | D:2      | Reached skill level 1 in Short Blades
  2158 | D:2      | Found a faded altar of an unknown god.
  2193 | D:2      | Reached XP level 5. HP: 22/31 MP: 1/9
  2721 | D:3      | Noticed Ijyb
  2735 | D:3      | Killed Ijyb
  2899 | D:3      | Found an iron altar of Okawaru.
  3029 | D:3      | Noticed Sigmund
  3033 | D:3      | Killed Sigmund
  3034 | D:3      | Reached XP level 6. HP: 30/36 MP: 9/11
  3820 | D:4      | HP: 1/36 [white imp/puff of frost (13)]
  4149 | D:4      | Found a runed translucent gate.
  4149 | D:4      | Found a runed translucent gate.
  4149 | D:4      | Found an opulent altar of Gozag.
  4157 | D:4      | Reached skill level 6 in Conjurations
  4345 | D:4      | Reached XP level 7. HP: 41/41 MP: 3/13
  4557 | D:4      | Found a runed translucent gate.
  4560 | D:4      | Noticed Discosetron's ghost (amateur DjAE)
  4584 | D:4      | HP: 1/41 [Discosetron's ghost/the air (13)]
  4586 | D:4      | Slain by a centaur

Illustrated notes

Levels and vault maps discovered:
D:1:      dpeg_arrival_subterranean_lakeside_camping, layout_basic
D:2:      layout_loops_cross, hellmonk_ecumenical_altar_inner_sanctum,
          amcnicky_mini_pool_small
D:3:      minmay_general_purpose_star, layout_basic, okawaru_trees_2,
          uniq_sigmund, uniq_ijyb
D:4:      layout_rooms, ebering_ghost_gozag

Skill      XL: |  1  2  3  4  5  6 |
---------------+-------------------+-----
Conjurations   | 5 6 |  6.0
Short Blades   | 1 2 3 |  3.8
Spellcasting   | 3 4 |  4.0
Dodging        | |  2.0
Stealth        | |  2.6

Action                   |  1- 3 |  4- 6 |  7- 9 || total
-------------------------+-------+-------+-------++-------
Melee: Dagger            |    24 |       |       ||    24
       Tentacles         |     6 |     7 |     6 ||    19
       Constrict         |     6 |     9 |     2 ||    17
       Short sword       |     7 |    41 |    14 ||    62
       Punch             |     1 |       |     1 ||     2
 Cast: Magic Dart        |    54 |    93 |     7 ||   154
       Searing Ray       |       |     2 |     1 ||     3
  Use: Potion            |       |       |     2 ||     2
Armor: Skin              |     6 |     6 |     2 ||    14
Dodge: Dodged            |    23 |    24 |    16 ||    63
Block: Other             |       |     7 |       ||     7
       Reflection        |       |     1 |       ||     1
